AoeStats
← [La14]Uvita

Arabia

509971998Analyzed
1v1 RM · 3d ago on Sep 28, 2026· 38m 50s· 2 players
Game mode
Random Map
Map size
Tiny (2 player)
Population
200
Speed
Normal
Resources
Standard
Victory
Conquest
Starting age
Dark Age
Ending age
Imperial Age
RankedLock teamsTeams togetherTeam positionsShared explorationLock speedFull tech treeHidden civsTurbo modeCheats
Victory
Defeat
🇦🇷 Magyars · Argentina
892
+16
🇨🇴 Ethiopians · Colombia
883
-16
itan9404
8:19 Loom
10:26 Feudal Age
15:46 Double-Bit Axe
24:19 Castle Age
24:04 Stone Mining
24:04 Gold Mining
24:06 Horse Collar
24:27 Crossbowman
25:02 Fletching
25:20 Scale Barding Armor
26:49 Husbandry
29:30 Bodkin Arrow
31:59 Heavy Plow
40:19 Imperial Age
[La14]Uvita
5:53 Loom
9:34 Feudal Age
10:08 Double-Bit Axe
10:40 Horse Collar
16:46 Scale Barding Armor
17:35 Gold Mining
18:36 Fletching
22:35 Castle Age
22:29 Padded Archer Armor
24:38 Wheelbarrow
23:26 Elite Skirmisher
24:19 Bodkin Arrow
28:06 Bloodlines
29:42 Town Watch
30:01 Heavy Plow
30:13 Pikeman
32:43 Scale Mail Armor
33:44 Husbandry
35:22 Leather Archer Armor
37:07 Chain Barding Armor
37:17 Stone Mining
Connection lost

Rejoining the realm…

Still unreachable

The connection could not be restored.

Session expired

The server has moved on; the page needs a fresh start.